 Dungeon Crawl Stone Soup version 0.32-a0-900-g30fb1b0edc (webtiles) character file.

Game seed: 14941193674875465501

107 Lanoc the Chopper (level 4, 0/51 HPs)
             Began as a Coglin Gladiator on Apr 5, 2024.
             Slain by a ball python (1 damage)
             ... on level 3 of the Dungeon.
             The game lasted 00:01:30 (1651 turns).

Lanoc the Chopper (Coglin Gladiator)                Turns: 1651, Time: 00:01:31

Health: 0/51       AC: 22    Str: 15 (16) XL:     4   Next: 85%
Magic:  4/4        EV:  2    Int:  6 (7)  God:
Gold:   131        SH:  0    Dex: 13 (16) Spells: 3/3 levels left

rFire   . . .        a - +0 war axe {Valter}
rCold   . . .        f - +0 dagger {Araceli}
rNeg    . . .        b - melded +0 leather armour
rPois   +            c - melded +0 helmet
rElec   .            (cloak currently unavailable)
rCorr   .            (gloves currently unavailable)
SInv    .            (boots currently unavailable)
Will    .....        (amulet unavailable)
Stlth   +            (ring unavailable)
HPRegen 0.28/turn    (ring unavailable)
MPRegen 0.09/turn    (no gizmo)

%: no passive effects
@: mighty, tree-form, constricted, revving
A: stationary, stasis, torment immunity, boosted hp, off-hand wielding, slow
wielding, warmup strikes, no jewellery
a: Invent Gizmo


You were on level 3 of the Dungeon.
You were a tree.
You visited 1 branch of the dungeon, and saw 3 of its levels.

You collected 131 gold pieces.

Inventory:

Hand Weapons
 a - a +0 war axe (weapon) {Valter}
 f - a +0 dagger (offhand) {Araceli}
Missiles
 d - 3 throwing nets (quivered)
 e - a javelin
Armour
 b - a +0 leather armour (melded)
 c - a +0 helmet (melded)
Scrolls
 i - a scroll of vulnerability {unknown}
 j - a scroll of fog {unknown}
 n - a scroll of brand weapon {unknown}
 o - a scroll of fear {unknown}
 r - a scroll of teleportation {unknown}
Potions
 g - a potion of lignification
 m - a potion of curing {unknown}
 p - a potion of invisibility {unknown}
 q - a potion of enlightenment {unknown}


   Skills:
 + Level 2.9 Fighting
 * Level 4.4 Axes
 - Level 1.7 Throwing
 + Level 3.3 Dodging


You had 3 spell levels left.
You didn't know any spells.
Your spell library was empty.

Dungeon Overview and Level Annotations

Branches:
Dungeon (3/15)

Altars:

Annotations:
D:3 3 runed translucent doors, MRVA's ghost, amateur CoBr


Innate Abilities, Weirdness & Mutations

You are a tree.
Your roots penetrate the ground, keeping you stationary.
You cannot be teleported.
You are immune to unholy pain and torment.
Your maximum health is greatly increased.
Your equipment is partially melded.
You can wield a second weapon in your off-hand.
It takes a long time for you to wield or remove held weapons.
Your first few attacks do less damage.
You cannot equip rings or amulets.


Message History

The gnoll completely misses you. The kobold hits you but does no damage.
You hit the kobold with your +0 dagger.
The kobold is heavily wounded.
You hit the kobold with your +0 war axe.
You kill the kobold!
You miss the adder with your +0 war axe.
The adder barely misses you.
The gnoll hits you but does no damage. x2
You hit the adder but do no damage. x2; You hit the gnoll with your +0 war axe.
You kill the gnoll!
The adder bites you but does no damage.
The gnoll hits you but does no damage. x2
The adder bites you but does no damage.
You closely miss the adder with your +0 dagger.
You miss the adder with your +0 war axe.
You barely miss the ball python with your +0 war axe.
The ball python barely misses you.
The gnoll hits you from afar with a +1 antimagic spear.
* * * LOW HITPOINT WARNING * * *
You feel your power leaking away. The gnoll hits you but does no damage.
The adder bites you but does no damage.
The ball python bites you but does no damage.
The ball python grabs you. The ball python constricts you.
It was a potion of magic.
Magic courses through your body. The adder bites you but does no damage.
The gnoll hits you from afar with a +0 spear.
* * * LOW HITPOINT WARNING * * *
The gnoll hits you but does no damage.
The ball python bites you but does no damage.
The ball python constricts you.
It was a potion of degeneration.
There was something very wrong with that liquid.
You feel weakened.
You feel dopey.
You feel clumsy. The adder completely misses you.
The gnoll hits you from afar with a +0 spear.
* * * LOW HITPOINT WARNING * * *
The gnoll hits you but does no damage. The ball python completely misses you.
The ball python constricts you. The adder bites you but does no damage.
It was a potion of might.
You feel very mighty all of a sudden. The ball python bites you.
You die...

#...... #........
#...... #.........
#...... #.........#
+...... #.........#
#...... #.........#
#)..... #..........
#.....S##g.......#
......S♣)........#
####.####g.......##
................
....###.###.....
... #.# .... . #.#
... #.# ## #.# #...
########.###.#.##


You could see 2 gnolls, an adder and a ball python.

Vanquished Creatures
  Natasha (D:2)
  Terence (D:2)
  A gnoll (D:3)
  An adder (D:2)
  2 dart slugs (D:1)
  A ribbon worm (D:3)
  2 endoplasms (D:1)
  A giant cockroach (D:3)
  3 goblins
  6 hobgoblins
  5 kobolds
  A ball python (D:1)
  3 bats
  A frilled lizard (D:1)
  4 rats
33 creatures vanquished.

Notes
Turn   | Place    | Note
-------+----------+-------------------------------------------
     0 | D:1      | Lanoc the Coglin Gladiator began the quest for the Orb.
     0 | D:1      | Reached XP level 1. HP: 16/16 MP: 1/1
   120 | D:1      | Reached XP level 2. HP: 18/22 MP: 2/2
   767 | D:2      | Noticed Terence
   772 | D:2      | Reached XP level 3. HP: 28/28 MP: 3/3
   776 | D:2      | Killed Terence
  1012 | D:2      | Noticed Natasha
  1018 | D:2      | Killed Natasha
  1019 | D:2      | Reached skill level 4 in Axes
  1019 | D:2      | Reached XP level 4. HP: 34/34 MP: 4/4
  1563 | D:3      | Noticed MRVA's ghost (amateur CoBr)
  1567 | D:3      | Found a runed translucent gate.
  1567 | D:3      | Found a runed translucent gate.
  1567 | D:3      | Found a runed translucent gate.
  1650 | D:3      | HP: 1/51 [gnoll/+0 spear (2)]
  1651 | D:3      | Slain by a ball python

Illustrated notes

Levels and vault maps discovered:
D:1:      lightli_arrival_boilingwater, layout_loops_ring, serial_glass,
          glass_columns_c, glass_columns_a, glass_columns_b, glass_columns_c,
          glass_columns_a, glass_columns_c, glass_columns_a, glass_columns_b,
          ebering_dispersal_statue_hall
D:2:      layout_basic, minmay_misc_feat_room, minmay_tetromino_i2,
          uniq_terence, uniq_natasha
D:3:      layout_basic, mainiacjoe_overflow_alcove_1,
          chequers_ecumenical_altar_simple_redux, gammafunk_ghost_split

Skill      XL: |  1  2  3 |
---------------+----------+-----
Dodging        | 3 |  3.3
Axes           | 4 |  4.4
Fighting       | |  2.9
Throwing       | |  1.7

Action                     |  1- 3 |  4- 6 || total
---------------------------+-------+-------++-------
  Melee: War axe           |    50 |    26 ||    76
         Dagger            |    37 |    23 ||    60
    Use: Potion            |       |     4 ||     4
   Stab: Sleeping          |       |     2 ||     2
 Armour: Leather armour    |    28 |    23 ||    51
         Skin              |       |    22 ||    22
  Dodge: Dodged            |    32 |    27 ||    59

Table legend: (Time is in decaauts)
 A = Elapsed time spent in this place.
 B = Non-inter-level travel time spent in this place.
 C = Inter-level travel time spent in this place.
 D = Time resting spent in this place.
 E = Time spent auto-exploring this place.
 F = Levels seen in this place.
 G = Mean time per level.
                   A        B        C        D        E       F      G
               +--------+--------+--------+--------+--------+-----+--------+
         Total |   1664 |   1610 |     54 |      0 |   1379 |   3 |  554.7 |
       Dungeon |   1664 |   1610 |     54 |      0 |   1379 |   3 |  554.7 |
               +--------+--------+--------+--------+--------+-----+--------+

Top non-repeatable levels by time:
     D:2: 814 daAuts
     D:1: 685 daAuts
     D:3: 165 daAuts
